 Dungeon Crawl Stone Soup version 0.31-a0-232-gb1c03b2570 (webtiles) character file.

Game seed: 6800266131413627906

529 qw the Shooter (level 7, -4/57 HPs)
             Began as a Minotaur Hexslinger on July 7, 2023.
             Succumbed to Dowan's poison
             ... on level 3 of the Dungeon.
             The game lasted 00:01:07 (2968 turns).

qw the Shooter (Minotaur Hexslinger)                Turns: 2968, Time: 00:01:08

Health: -4/57      AC:  6    Str: 13    XL:     7   Next: 3%
Magic:  7/7        EV: 11    Int: 10    God:
Gold:   206        SH:  0    Dex: 14    Spells: 7/8 levels left

rFire   . . .        Y - +2 sling (chaos)
rCold   . . .        (no shield)
rNeg    . . .        j - +0 ring mail
rPois   +            (helmet restricted)
rElec   .            (no cloak)
rCorr   .            (no gloves)
SInv    .            (no boots)
Will    .....        (no amulet)
Stlth   +            k - ring of poison resistance
HPRegen 0.29/turn    (no ring)
MPRegen 0.10/turn

%: no passive effects
@: lethally poisoned (-4 -> -22)
A: horns 2, retaliatory headbutt
a: no special abilities


You were on level 3 of the Dungeon.
You visited 1 branch of the dungeon, and saw 5 of its levels.

You collected 206 gold pieces.


Innate Abilities, Weirdness & Mutations

You have a pair of horns on your head.
You reflexively headbutt those who attack you in melee.


   Skills:
 + Level 3.1 Fighting
 - Level 6.1 Ranged Weapons
 - Level 5.3 Armour
 - Level 2.1 Dodging
 - Level 1.0 Spellcasting
 - Level 2.0 Hexes


You had 7 spell levels left.
You knew the following spells:

 Your Spells              Type           Power      Damage    Failure   Level
a - Slow                  Hex            16%        N/A       30%         1

Your spell library contained the following spells:

 Spells                   Type           Power      Damage    Failure   Level
 Inner Flame              Hex/Fire       2%         N/A       80%         3
 Portal Projectile        Hex/Tloc       4%         N/A       80%         3
 Cause Fear               Hex            2%         N/A       96%         4

Inventory:

Hand Weapons
 Y - a +2 sling of chaos (weapon)
Armour
 j - a +0 ring mail (worn)
Jewellery
 k - a ring of poison resistance (left hand)
Scrolls
 b - a scroll of identify
Potions
 e - a potion of lignification {unknown}
 f - a potion of heal wounds {unknown}
 h - a potion of curing {unknown}
 i - a potion of haste {unknown}
 m - a potion of berserk rage {unknown}

Dungeon Overview and Level Annotations

Branches:
Dungeon (5/15)
 Temple: D:4-7

Altars:
Cheibriados
Vehumet

Shops:
D:1 [

Annotations:
D:3 Dowan
D:4 1 runed translucent door, qw's ghost, amateur MiHs


Message History

The sling bullet hits Duvessa but does no damage.
Duvessa is severely wounded.
You feel sick. Duvessa hits you with a +0 short sword.
Dowan casts a spell.
Dowan blinks!
You shoot a sling bullet. The sling bullet hits Duvessa.
Duvessa resists with almost no effort.
Duvessa is almost dead.
You feel sick.
You are no longer poisoned.
Duvessa hits you but does no damage.
You shoot a sling bullet. The sling bullet barely misses Duvessa.
Duvessa misses you. Duvessa barely misses you.
You shoot a sling bullet. The sling bullet hits Duvessa!
You kill Duvessa!
You hear a distant wail of despair.
Your Ranged Weapons skill increases to level 6!
You have reached level 7!
You start resting.
Dowan is nearby!
You shoot a sling bullet. The sling bullet closely misses Dowan.
Dowan seems to find hidden reserves of power!
You shoot a sling bullet. The sling bullet barely misses Dowan.
Dowan says, "Her death will not be in vain!"
Dowan hits you with a +2 dagger of venom.
You shoot a sling bullet. The sling bullet closely misses Dowan.
Dowan hits you with a +2 dagger of venom. x2
You are lethally poisoned!
You shoot a sling bullet. The sling bullet hits Dowan.
Dowan is moderately wounded.
You feel very sick.
Dowan shakes with grief.
Dowan hits you with a +2 dagger of venom.
You are more poisoned.
Dowan barely misses you. You furiously retaliate!
You headbutt Dowan, but do no damage. You shoot a sling bullet.
The sling bullet hits Dowan.
The sling bullet freezes Dowan.
Dowan is moderately wounded.
You die...

..........[...#####.# #.##
.......##........##.####.# ####
............####.?.......#####...
......#####..###.................
........####...####.#.######.....
..........####.# #...# ###...
.........#####.# #..## #...
............##.####..# ####
............##.)@e...#
............######...#######
.....(......# #.........#
...(.#.....<# #.........#
............# ##.........#
......<.....#####..........#
######.....................#
############..........#
#).........#


You could see Dowan (fast).

Vanquished Creatures
  Grinder (D:3)
  Duvessa (D:3)
  3 orc wizards (D:4)
  4 gnolls (D:3)
  5 adders
  An ufetubus (D:4)
  3 worms (D:4)
  A dart slug (D:2)
  5 orcs (D:4)
  6 ball pythons
  6 endoplasms
  2 giant cockroaches
  5 goblins
  2 hobgoblins (D:1)
  3 jackals (D:3)
  2 quokkas
  A bat (D:2)
  6 frilled lizards
  4 kobolds
  3 rats
64 creatures vanquished.

Notes
Turn   | Place    | Note
-------+----------+-------------------------------------------
     0 | D:1      | qw the Minotaur Hexslinger began the quest for the Orb.
     0 | D:1      | Reached XP level 1. HP: 16/16 MP: 1/1
     0 | D:1      | 0 ||| qw: Version: 0.3-a-46-gb1f654a
     0 | D:1      | 0 ||| qw: Game counter: 2191
     0 | D:1      | 0 ||| qw: Melee chars always use a shield: true
     0 | D:1      | 0 ||| qw: God list: Okawaru
     0 | D:1      | 0 ||| qw: Allow faded altars: false
     0 | D:1      | 0 ||| qw: Do Orc after clearing Dungeon:15 true
     0 | D:1      | 0 ||| qw: Do second Lair branch before Depths: true
     0 | D:1      | 0 ||| qw: Lair rune preference: random
     0 | D:1      | 0 ||| qw: Goals: Normal
     0 | D:1      | 0 ||| PLANNING D:1-11
    97 | D:1      | Found Rocvaep's Armour Boutique.
   108 | D:1      | 108 ||| SHOPLISTING +0 leather armour (20 gold, have 11).
   153 | D:1      | Found a faded altar of an unknown god.
   306 | D:1      | Reached skill level 3 in Ranged Weapons
   306 | D:1      | Reached XP level 2. HP: 23/23 MP: 2/2
   561 | D:1      | 561 ||| UPGRADING to +0 leather armour.
   571 | D:1      | 571 ||| DROPPING +0 robe.
   572 | D:1      | 572 ||| READING scroll labelled OCVAPPA DIFIGG.
   573 | D:1      | 573 ||| READING scroll labelled IQUISAIRAO.
   574 | D:1      | 574 ||| DROPPING scroll of poison.
   613 | D:2      | 613 ||| FLEEEEING.
   614 | D:2      | 614 ||| FLEEEEING.
   621 | D:2      | 621 ||| STAIRDANCE
   687 | D:2      | Found a radiant altar of Vehumet.
   810 | D:2      | Reached XP level 3. HP: 27/29 MP: 3/3
  1021 | D:2      | Reached skill level 4 in Ranged Weapons
  1207 | D:2      | 1207 ||| UPGRADING to +0 ring mail.
  1217 | D:2      | 1217 ||| DROPPING +0 leather armour.
  1218 | D:2      | 1218 ||| UPGRADING to ring of poison resistance.
  1219 | D:2      | 1219 ||| READING scroll labelled CUOLAI QUGRE.
  1220 | D:2      | 1220 ||| READING scroll labelled IQYSKI NAOKIR.
  1221 | D:2      | 1221 ||| READING scroll labelled WET MIRCHOH.
  1222 | D:2      | 1222 ||| READING scroll labelled PUZXOU QEOCIK.
  1223 | D:2      | 1223 ||| DRINKING 2 ruby potions.
  1224 | D:2      | 1224 ||| DROPPING potion of attraction.
  1250 | D:3      | Noticed Grinder
  1250 | D:3      | Paralysed by Grinder for 2 turns
  1262 | D:3      | Paralysed by Grinder for 2 turns
  1266 | D:3      | Killed Grinder
  1267 | D:3      | Reached XP level 4. HP: 21/36 MP: 4/4
  1267 | D:3      | Reached XP level 5. HP: 24/41 MP: 5/5
  1271 | D:3      | 1271 ||| FLEEEEING.
  1272 | D:3      | 1272 ||| FLEEEEING.
  1273 | D:3      | 1273 ||| FLEEEEING.
  1274 | D:3      | 1274 ||| FLEEEEING.
  1275 | D:3      | 1275 ||| STAIRDANCE
  1442 | D:3      | Reached XP level 6. HP: 33/48 MP: 6/6
  1573 | D:3      | Identified the +8 dagger of the Healing Seer {drain,
                  | Fragile rF+ Int+3}
  1839 | D:3      | 1839 ||| READING scroll labelled EZACHAGHIE.
  1856 | D:4      | Found a snail-covered altar of Cheibriados.
  1856 | D:4      | You fall into a shaft and drop 1 floor!
  1856 | D:5      | Entered Level 5 of the Dungeon
  1861 | D:5      | 1861 ||| FLEEEEING.
  1862 | D:5      | 1862 ||| STAIRDANCE
  1872 | D:4      | Reached skill level 5 in Ranged Weapons
  2016 | D:4      | Reached skill level 3 in Fighting
  2305 | D:4      | Found a runed translucent door.
  2314 | D:4      | Noticed qw's ghost (amateur MiHs)
  2618 | D:4      | Noticed Duvessa
  2619 | D:4      | 2619 ||| FLEEEEING.
  2622 | D:4      | 2622 ||| FLEEEEING.
  2623 | D:4      | 2623 ||| FLEEEEING.
  2624 | D:4      | 2624 ||| FLEEEEING.
  2630 | D:4      | 2630 ||| FLEEEEING.
  2631 | D:4      | 2631 ||| STAIRDANCE
  2692 | D:3      | 2692 ||| READING scroll labelled WEIWKOE OFUAM.
  2696 | D:4      | 2696 ||| STAIRDANCE
  2732 | D:4      | 2732 ||| STAIRDANCE
  2756 | D:4      | 2756 ||| STAIRDANCE
  2779 | D:4      | 2779 ||| STAIRDANCE
  2822 | D:4      | 2822 ||| STAIRDANCE
  2909 | D:4      | Noticed Dowan
  2910 | D:4      | 2910 ||| STAIRDANCE
  2951 | D:4      | 2951 ||| STAIRDANCE
  2958 | D:3      | HP: 11/51 [poisoned by Dowan]
  2962 | D:3      | Killed Duvessa
  2963 | D:3      | Reached skill level 6 in Ranged Weapons
  2963 | D:3      | Reached XP level 7. HP: 11/57 MP: 7/7
  2965 | D:3      | HP: 8/57 [Dowan/+2 dagger of venom (4)]
  2967 | D:3      | HP: 2/57 [poisoned by Dowan]
  2968 | D:3      | Succumbed to Dowan's poison

Levels and vault maps discovered:
D:1:      dpeg_arrival_houses_and_road, layout_rooms, serial_shops,
          nicolae_square_shop, dreamdust_ecumenical_altar_grove
D:2:      layout_basic, basic_altar, minmay_misc_feat_plants
D:3:      layout_rooms, uniq_grinder
D:4:      layout_layer_cave, amcnicky_altar_gilded,
          ebering_ghost_reflecting_pool, nicolae_wormholes, uniq_duvessa
D:5:      layout_rooms, feat_on_display

Skill      XL: |  1  2  3  4  5  6 |
---------------+-------------------+-----
Ranged Weapons | 3 4 6 |  6.1
Fighting       | 2 3 |  3.1
Armour         | 5 |  5.3
Dodging        | |  2.1
Spellcasting   | |  1.0
Hexes          | |  2.0

Action                     |  1- 3 |  4- 6 |  7- 9 || total
---------------------------+-------+-------+-------++-------
   Fire: Sling             |    91 |   129 |     5 ||   225
    Use: Scroll            |     6 |     2 |       ||     8
         Potion            |     1 |       |       ||     1
 Armour: Robe              |     2 |       |       ||     2
         Leather armour    |     3 |       |       ||     3
         Ring mail         |     1 |    29 |       ||    30
  Dodge: Dodged            |    16 |    67 |     1 ||    84

Table legend:
 A = Non-vault XP
 B = Vault XP
 C = Vault XP percentage of total XP
 D = Non-vault monster count
 E = Vault monster count
 F = Vault count percentage of total count
                 A         B        C        D         E       F
            +---------+---------+-------+---------+---------+-------
      Total |     320 |     436 |  57.7 |      59 |       5 |   7.8
            +---------+---------+-------+---------+---------+-------
        D:1 |      17 |       0 |   0.0 |      11 |       0 |   0.0
        D:2 |      65 |       0 |   0.0 |      18 |       0 |   0.0
        D:3 |     101 |     421 |  80.7 |      17 |       2 |  10.5
        D:4 |     137 |      15 |   9.9 |      13 |       3 |  18.8
            +---------+---------+-------+---------+---------+-------
